 Dungeon Crawl Stone Soup version 0.30.1-5-ged363bc7ee (webtiles) character file.

Game seed: 5664468667877703380

64 Kurtz the Chopper (level 4, -3/28 HPs)
             Began as a Tengu Fighter on Sept 20, 2023.
             Killed by divine providence
             ... invoked by an orc priest
              (8 damage)
             ... on level 3 of the Dungeon.
             The game lasted 00:01:04 (1653 turns).

Kurtz the Chopper (Tengu Fighter)                   Turns: 1653, Time: 00:01:04

Health: -3/28      AC: 11    Str: 18    XL:     4   Next: 12%
Magic:  5/5        EV:  5    Int:  8    God:
Gold:   95         SH:  5    Dex: 14    Spells: 3/3 levels left

rFire   . . .        a - +0 war axe
rCold   . . .        c - +0 buckler
rNeg    . . .        i - +0 plate armour
rPois   .            (helmet restricted)
rElec   .            (no cloak)
rCorr   .            (no gloves)
SInv    .            (boots unavailable)
Will    .....        (no amulet) Stlth
                     (no ring)
HPRegen 0.24/turn    (no ring)
MPRegen 0.09/turn

%: no passive effects
@: no status effects
A: beak, talons 3
a: no special abilities


You were on level 3 of the Dungeon.
You visited 1 branch of the dungeon, and saw 3 of its levels.

You collected 95 gold pieces.

Inventory:

Hand Weapons
 a - a +0 war axe (weapon)
Armour
 b - a +0 scale mail
 c - a +0 buckler (worn)
 i - a +0 plate armour (worn)
Jewellery
 r - a ring of magical power
Scrolls
 h - 2 scrolls of magic mapping {unknown}
 k - 3 scrolls of enchant weapon {unknown}
 m - 5 scrolls of teleportation {unknown}
 n - a scroll of summoning {unknown}
 o - a scroll of noise {unknown}
 p - 2 scrolls of fear {unknown}
 q - 2 scrolls of identify {unknown}
 s - a scroll of immolation {unknown}
 u - a scroll of enchant armour {unknown}
Potions
 d - a potion of might
 e - a potion of heal wounds {unknown}
 f - 2 potions of mutation {unknown}
 g - a potion of brilliance {unknown}
 j - a potion of cancellation {unknown}
 l - a potion of curing {unknown}
 t - a potion of attraction {unknown}


   Skills:
 - Level 3.0 Fighting
 * Level 4.7 Axes
 - Level 3.2 Armour
 - Level 3.0 Shields


You had 3 spell levels left.
You didn't know any spells.
Your spell library was empty.

Dungeon Overview and Level Annotations

Branches:
Dungeon (3/15)

Altars:


Innate Abilities, Weirdness & Mutations

You have a beak for a mouth.
You have claws for feet.


Message History

You kill the orc!
Unknown command.
You hit the orc priest but do no damage.
Your kick misses the orc priest. Your peck misses the orc priest.
The orc priest barely misses you.
Unknown command.
You slash the orc priest! You claw the orc priest.
The orc priest is severely wounded.
The orc priest completely misses you.
You hit the orc but do no damage. You claw the orc, but do no damage.
The orc priest mumbles some strange prayers to Beogh against you.
Beogh smites you!
Ouch! That really hurt!
* * * LOW HITPOINT WARNING * * *
The orc barely misses you.
You closely miss the orc. You claw the orc, but do no damage.
The orc priest looks encouraged for a moment.
The orc barely misses you.
Unknown command.
You are too injured to fight recklessly!
You hit the orc. You peck the orc.
You kill the orc!
The orc hits you with a +0 club.
* * * LOW HITPOINT WARNING * * *
You are too injured to fight recklessly!
You slash the orc!
You kill the orc!
Unknown command.
You are too injured to fight recklessly!
You completely miss the orc. Your kick misses the orc.
A rat comes into view.
The orc barely misses you.
You are too injured to fight recklessly!
The orc attacks as you move away! You block the orc's attack.
The orc attacks as you move away! The orc hits you with a +0 hand axe.
* * * LOW HITPOINT WARNING * * *
The rat bites you but does no damage.
The orc priest invokes the aid of Beogh against you.
Beogh smites you!
You die...

#....(.#.##.##
#.######.##.#
#........##.#
###########.# #.#
#.##### #.#...
#####.#.####.#
#>.....@o.o..#
#.!.....r###......
.....#....# .#.#.
##...##)#.. .. ###
#.#... ## #.#####
#+#


You could see an orc priest, an orc and a rat.

Vanquished Creatures
  2 adders (D:3)
  A dart slug (D:3)
  4 orcs (D:3)
  4 bats (D:1)
  4 endoplasms (D:1)
  2 giant cockroaches (D:1)
  4 hobgoblins
  2 kobolds
  4 quokkas
  2 ball pythons
  4 frilled lizards
  2 goblins
  5 rats
40 creatures vanquished.

Notes
Turn   | Place    | Note
-------+----------+-------------------------------------------
     0 | D:1      | Kurtz the Tengu Fighter began the quest for the Orb.
     0 | D:1      | Reached XP level 1. HP: 14/14 MP: 2/2
    81 | D:1      | Reached XP level 2. HP: 16/19 MP: 3/3
   181 | D:1      | Reached skill level 3 in Axes
   442 | D:1      | Reached XP level 3. HP: 11/23 MP: 4/4
  1280 | D:3      | Reached skill level 4 in Axes
  1405 | D:3      | Found a faded altar of an unknown god.
  1643 | D:3      | Reached XP level 4. HP: 28/28 MP: 5/5
  1653 | D:3      | Killed from afar by an orc priest

Illustrated notes

Levels and vault maps discovered:
D:1:      ldierk_walled_garden_2, layout_basic, chequers_decorated_corner,
          minmay_pentomino_r4
D:2:      layout_basic
D:3:      layout_loops_corners, nicolae_ecumenical_oubliette, uniq_robin

Skill      XL: |  1  2  3 |
---------------+----------+-----
Axes           | 3 4 |  4.7
Fighting       | |  3.0
Armour         | |  3.2
Shields        | |  3.0

Action                     |  1- 3 |  4- 6 || total
---------------------------+-------+-------++-------
  Melee: War axe           |    70 |     9 ||    79
         Kick              |    17 |     4 ||    21
         Peck              |     4 |     2 ||     6
 Armour: Scale mail        |     3 |       ||     3
         Plate armour      |    36 |     1 ||    37
  Dodge: Dodged            |    17 |     5 ||    22
  Block: Buckler           |    14 |     2 ||    16
